 Dungeon Crawl Stone Soup version 0.29-a0-563-g64e4043184 (webtiles) character file.

Game seed: 850872447534733351

124 DocClef the Covert (level 5, 0/47 HPs)
             Began as a Gnoll Delver on June 11, 2022.
             Splashed by a jelly's acid (2 damage)
             ... on level 5 of the Dungeon.
             The game lasted 00:00:21 (251 turns).

DocClef the Covert (Gnoll Delver)                    Turns: 251, Time: 00:00:21

Health: 0/47       AC:  3    Str: 11    XL:     5   Next: 8%
Magic:  5/7        EV: 13    Int: 10    God:
Gold:   0          SH:  0    Dex: 15    Spells: 6/6 levels left

rFire   . . .      SeeInvis .   a - +0 short sword
rCold   . . .      Faith    .   (no shield)
rNeg    . . .      Spirit   .   b - +0 leather armour
rPois   .          Reflect  .   (no helmet)
rElec   .          Harm     .   (no cloak)
rCorr   .          Rampage  .   (no gloves)
Will    .....                   (no boots)
Stlth   ++++......              (no amulet)
HPRegen 0.15/turn               (no ring)
MPRegen 0.10/turn               (no ring)

@: no status effects
A: fangs 1, strong nose, distributed training
a: no special abilities


You were on level 5 of the Dungeon.
You visited 1 branch of the dungeon, and saw 1 of its levels.

Inventory:

Hand Weapons
 a - a +0 short sword (weapon)
Armour
 b - a +0 leather armour (worn)
Wands
 g - a wand of digging (3)
Scrolls
 c - a scroll of fog
 d - a scroll of magic mapping
 e - a scroll of fear
 h - a scroll of blinking {unknown}
 i - a scroll of silence {unknown}
Potions
 f - a potion of haste


   Skills:
 + Level 6.6 Fighting
 + Level 4.7 Short Blades
 + Level 1.3 Long Blades
 + Level 1.3 Axes
 + Level 1.3 Maces & Flails
 + Level 1.3 Polearms
 + Level 1.3 Staves
 + Level 1.3 Slings
 + Level 1.3 Bows
 + Level 1.3 Crossbows
 + Level 1.3 Throwing
 + Level 1.3 Armour
 + Level 4.7 Dodging
 + Level 9.6 Stealth
 + Level 1.3 Shields
 + Level 1.3 Unarmed Combat
 + Level 1.3 Spellcasting
 + Level 1.1 Conjurations
 + Level 1.1 Hexes
 + Level 1.1 Summonings
 + Level 1.1 Necromancy
 + Level 1.1 Translocations
 + Level 1.1 Transmutations
 + Level 1.1 Fire Magic
 + Level 1.1 Ice Magic
 + Level 1.1 Air Magic
 + Level 1.1 Earth Magic
 + Level 1.1 Poison Magic
 + Level 1.5 Invocations
 + Level 1.3 Evocations


You had 6 spell levels left.
You didn't know any spells.
Your spell library was empty.

Dungeon Overview and Level Annotations

Branches:
Dungeon (5/15)
 Temple: D:4-7

Altars:
Qazlal
Wu Jian


Innate Abilities, Weirdness & Mutations

You have very sharp teeth.
Your uncanny sense of smell can sniff out nearby items.
Your experience applies equally to all skills.


Message History

The hound is moderately wounded.
The hound bites you. The hound barely misses you.
You hit the hound.
The hound is severely wounded.
The hound bites you.
You closely miss the hound.
The hound is severely wounded.
The hound barely misses you.
You hit the hound.
The hound is almost dead.
The hound barely misses you.
You barely miss the hound.
The hound is almost dead.
The hound barely misses you. The hound bites you.
You hit the hound.
You kill the hound!
The quokka misses you. The quokka barely misses you.
You have reached level 5!
You hit the jelly but do no damage.
Your hands burn!
The jelly barely misses you. The quokka barely misses you.
You hit the jelly.
Your hands burn!
The jelly is lightly wounded.
The quokka bites you. The jelly hits you but does no damage.
You barely miss the jelly.
The jelly is lightly wounded.
The quokka misses you.
You hit the jelly.
Your hands burn!
* * * LOW HITPOINT WARNING * * *
The jelly is moderately wounded.
The jelly misses you. The quokka misses you.
You hit the jelly.
Your hands burn!
* * * LOW HITPOINT WARNING * * *
The jelly is severely wounded.
The jelly hits you.
* * * LOW HITPOINT WARNING * * *
You are splashed with acid!
* * * LOW HITPOINT WARNING * * *
The quokka closely misses you.
You hit the jelly.
Your hands burn!
You die...

#.. ..# #.. #.# #.#
### #.# #.. #r# #.#
###########@######.#
#.........#J##...#.###
#.........#.##.......#
#................#.#.#
#.............####.#.#
#............##
#>#.###.#
#.........#.##
#.......#
#.........#[#
###.#####
#.........#.#
####.#####


You could see a jelly and a quokka.

Vanquished Creatures
  A scorpion (D:5)
  A jelly (D:5)
  A hound (D:5)
  An adder (D:5)
4 creatures vanquished.

Notes
Turn   | Place    | Note
-------+----------+-------------------------------------------
     0 | D:5      | Reached skill level 9 in Stealth
     0 | D:5      | DocClef the Gnoll Delver began the quest for the Orb.
     0 | D:5      | Reached XP level 1. HP: 23/23 MP: 1/1
    18 | D:5      | Noticed a scorpion
    21 | D:5      | Killed a scorpion
    22 | D:5      | Reached skill level 1 in Long Blades
    22 | D:5      | Reached skill level 1 in Axes
    22 | D:5      | Reached skill level 1 in Maces & Flails
    22 | D:5      | Reached skill level 1 in Polearms
    22 | D:5      | Reached skill level 1 in Staves
    22 | D:5      | Reached skill level 1 in Slings
    22 | D:5      | Reached skill level 1 in Bows
    22 | D:5      | Reached skill level 1 in Crossbows
    22 | D:5      | Reached skill level 1 in Throwing
    22 | D:5      | Reached skill level 1 in Armour
    22 | D:5      | Reached skill level 1 in Shields
    22 | D:5      | Reached skill level 1 in Unarmed Combat
    22 | D:5      | Reached skill level 1 in Spellcasting
    22 | D:5      | Reached skill level 1 in Invocations
    22 | D:5      | Reached skill level 1 in Evocations
    22 | D:5      | Reached XP level 2. HP: 29/29 MP: 1/3
    22 | D:5      | Reached XP level 3. HP: 35/35 MP: 1/4
    77 | D:5      | Found a stormy altar of Qazlal.
    80 | D:5      | Found an ornate altar of the Wu Jian Council.
   220 | D:5      | Reached XP level 4. HP: 41/41 MP: 5/5
   238 | D:5      | Reached skill level 1 in Conjurations
   238 | D:5      | Reached skill level 1 in Hexes
   238 | D:5      | Reached skill level 1 in Summonings
   238 | D:5      | Reached skill level 1 in Necromancy
   238 | D:5      | Reached skill level 1 in Translocations
   238 | D:5      | Reached skill level 1 in Transmutations
   238 | D:5      | Reached skill level 1 in Fire Magic
   238 | D:5      | Reached skill level 1 in Ice Magic
   238 | D:5      | Reached skill level 1 in Air Magic
   238 | D:5      | Reached skill level 1 in Earth Magic
   238 | D:5      | Reached skill level 1 in Poison Magic
   246 | D:5      | Reached XP level 5. HP: 21/47 MP: 5/7
   250 | D:5      | HP: 2/47 [acid (7)]
   251 | D:5      | Splashed by a jelly's acid

Illustrated notes

Levels and vault maps discovered:
D:5:      layout_loops_corners, nicolae_overflow_hidden_temple, minivault_26

Skill      XL: |  1  2  3  4 |
---------------+-------------+-----
Stealth        | |  9.6
Long Blades    | 1 |  1.3
Axes           | 1 |  1.3
Maces & Flails | 1 |  1.3
Polearms       | 1 |  1.3
Staves         | 1 |  1.3
Slings         | 1 |  1.3
Bows           | 1 |  1.3
Crossbows      | 1 |  1.3
Throwing       | 1 |  1.3
Armour         | 1 |  1.3
Shields        | 1 |  1.3
Unarmed Combat | 1 |  1.3
Spellcasting   | 1 |  1.3
Invocations    | 1 |  1.5
Evocations     | 1 |  1.3
Conjurations   | 1 |  1.1
Hexes          | 1 |  1.1
Summonings     | 1 |  1.1
Necromancy     | 1 |  1.1
Translocations | 1 |  1.1
Transmutations | 1 |  1.1
Fire Magic     | 1 |  1.1
Ice Magic      | 1 |  1.1
Air Magic      | 1 |  1.1
Earth Magic    | 1 |  1.1
Poison Magic   | 1 |  1.1
Fighting       | |  6.6
Short Blades   | |  4.7
Dodging        | |  4.7

Action                   |  1- 3 |  4- 6 || total
-------------------------+-------+-------++-------
Melee: Short sword       |     2 |    23 ||    25
       Bite              |       |     2 ||     2
 Stab: Sleeping          |     2 |       ||     2
Armor: Leather armour    |       |     3 ||     3
Dodge: Dodged            |       |    21 ||    21

Table legend: (Time is in decaauts)
 A = Elapsed time spent in this place.
 B = Non-inter-level travel time spent in this place.
 C = Inter-level travel time spent in this place.
 D = Time resting spent in this place.
 E = Time spent auto-exploring this place.
 F = Levels seen in this place.
 G = Mean time per level.
                   A        B        C        D        E       F      G
               +--------+--------+--------+--------+--------+-----+--------+
         Total |    247 |    247 |      0 |      0 |    201 |   1 |  247.0 |
       Dungeon |    247 |    247 |      0 |      0 |    201 |   1 |  247.0 |
               +--------+--------+--------+--------+--------+-----+--------+

Top non-repeatable levels by time:
     D:5: 247 daAuts
